 Dungeon Crawl Stone Soup version 0.24.0-1-gfbc8707122 (webtiles) character file.

Game seed: 786270490842941159, levelgen mode: deterministic

5908 mopl the Grappler (level 10, -3/83 HPs)
             Began as a Troll Arcane Marksman on Oct 28, 2019.
             Was an Elder of Kikubaaqudgha.
             Slain by an orc warrior
             ... wielding a +0 flail
              (14 damage)
             ... on level 8 of the Dungeon.
             The game lasted 00:14:23 (7525 turns).

mopl the Grappler (Troll Arcane Marksman)           Turns: 7525, Time: 00:14:23

Health: -3/83      AC:  7    Str: 20    XL:     10   Next: 53%
Magic:  10/10      EV:  9    Int:  9    God:    Kikubaaqudgha [****..]
Gold:   360        SH:  0    Dex: 13    Spells: 4/11 levels left

rFire    . . .     SeeInvis .     - Unarmed
rCold    . . .     Gourm    +   (no shield)
rNeg     . . .     Faith    .   a - +0 robe
rPois    +         Spirit   .   (helmet restricted)
rElec    .         Reflect  .   n - +0 cloak
rCorr    .         Harm     .   (gloves unavailable)
MR       .....                  (boots unavailable)
Stlth    +.........             B - amulet of regeneration
HPRegen  1.03/turn              p - ring of flight
MPRegen  0.12/turn              z - ring of poison resistance

@: berserk cooldown, slowed, drained, very slow
A: large, unfitting armour, claws 3, fast metabolism 3, gourmand, regeneration
1, shaggy fur 1, tough skin 3
a: Receive Corpses, Renounce Religion, Evoke Flight


You were on level 8 of the Dungeon.
You worshipped Kikubaaqudgha.
Kikubaaqudgha was greatly pleased with you.
You were very full.

You visited 1 branch of the dungeon, and saw 8 of its levels.
You also visited: Sewer.

You collected 360 gold pieces.

Inventory:

Missiles
 b - 199 stones (quivered)
 c - 4 large rocks
 d - 4 throwing nets
 h - 4 boomerangs
 k - 56 poisoned darts
Armour
 a - a +0 robe (worn)
 n - a +0 cloak (worn)
Jewellery
 p - a ring of flight (left claw)
 x - an uncursed ring of magical power
 z - a ring of poison resistance (right claw)
 B - an amulet of regeneration (around neck)
Wands
 s - a wand of acid (8)
 C - a wand of polymorph (3)
Scrolls
 g - 3 scrolls of identify
 j - 3 scrolls of remove curse {unknown}
 l - a scroll of immolation {unknown}
 q - 2 scrolls of amnesia {unknown}
 r - 6 scrolls of teleportation
 u - 3 scrolls of fear {unknown}
 v - a scroll of blinking {unknown}
 y - a scroll of fog {unknown}
Potions
 e - 5 potions of curing
 i - a potion of cancellation
 m - 2 potions of brilliance
 o - 2 potions of lignification
 t - 2 potions of berserk rage
 w - a potion of heal wounds
Comestibles
 f - 18 rations
 A - 2 chunks of flesh


   Skills:
 - Level 0.7(0.0) Fighting
 + Level 8.7(7.4) Throwing
 - Level 1.5(0.5) Dodging
 * Level 12.6(11.2) Unarmed Combat
 - Level 1.0(0.0) Spellcasting
 - Level 2.0(0.9) Hexes


You had 4 spell levels left.
You knew the following spells:

 Your Spells              Type           Power        Failure   Level  Hunger
a - Corona                Hex            #......      28%         1    ##.....
v - Borgnjor's Vile Clut  Necr/Erth      #.........   100%        5    ######.
x - Animate Skeleton      Necr           N/A          38%         1    ##.....

Your spell library contained the following spells:

 Spells                   Type           Power        Failure   Level  Hunger
 Confusing Touch          Hex            #.....       28%         1    ##.....
 Pain                     Necr           #...         38%         1    ##.....
 Slow                     Hex            #.......     38%         2    ###....
 Sublimation of Blood     Necr           #.........   52%         2    ###....
 Confuse                  Hex            #.......     63%         3    ####...
 Inner Flame              Hex/Fire       #.......     71%         3    ####...
 Portal Projectile        Hex/Tloc       #.....       71%         3    ####...
 Gell's Gravitas          Tloc           #.........   77%         3    ####...
 Ignite Poison            Fire/Tmut/Pois #.......     77%         3    ####...
 Vampiric Draining        Necr           #.........   77%         3    ####...
 Cause Fear               Hex            #.........   95%         4    #####..
 Leda's Liquefaction      Hex/Erth       #.........   98%         4    #####..
 Petrify                  Tmut/Erth      #.......     99%         4    #####..
 Agony                    Necr           #.......     100%        5    ######.
 Bolt of Draining         Conj/Necr      #.........   100%        5    ######.
 Dispel Undead            Necr           #.......     100%        5    ######.
 Excruciating Wounds      Chrm/Necr      #.........   100%        5    ######.
 Metabolic Englaciation   Hex/Ice        #.........   100%        5    ######.
 Yara's Violent Unravell  Hex/Tmut       #.........   100%        5    ######.
 Simulacrum               Ice/Necr       #.........   100%        6    #######


Dungeon Overview and Level Annotations

Branches:
Dungeon (8/15)             Temple (0/1) D:5           Sewer (visited)
   Lair: D:8-11

Altars:
Ashenzari
Elyvilon
Fedhas
Gozag
Kikubaaqudgha
Makhleb
Okawaru
Qazlal
Ru
Sif Muna
Trog
Vehumet
The Shining One

Shops:
D:6 :

Annotations:
D:1 rF


Innate Abilities, Weirdness & Mutations

You are too large for most types of armour.
You have claws for hands.
Your metabolism is lightning-fast.
You like to eat raw meat.
Your natural rate of healing is unusually fast.
You are covered in fur. (AC +1)
You have extremely tough skin. (AC +3)


Message History

* * * LOW HITPOINT WARNING * * *
There is an open door here.
You barely miss the orc wizard. The orc hits you but does no damage.
You claw the orc wizard!
You kill the orc wizard!
Kikubaaqudgha accepts your kill.
You mangle the orc priest!!
You kill the orc priest!
Kikubaaqudgha accepts your kill. The orc hits you but does no damage.
You claw the orc!
You kill the orc!
Kikubaaqudgha accepts your kill.
You are no longer berserk.
You are exhausted.
You feel yourself slow down.
You barely miss the orc warrior.
The orc warrior hits you with a +0 flail!
You die...
Kikubaaqudgha rasps: "You have failed me!
Welcome... death!"

##.......# #.......#
#..###.######### #..
##.###..##.## #..
#......รท....# #.
#...........# #..
##.###.##'######
.##..#######.##..##..##
........)@....#...'...#
........o#....#...#...#
######.###.###.###..####
###.###.###.###.....# .
#...#..............## ..
#...'..............# ...
#...######..##....##
....##...##..###########
..............#


You could see an orc warrior.

Vanquished Creatures
  Harold (D:8)
  Pikel (D:5)
  Sigmund (D:6)
  A hungry ghost (D:8)
  Edmund (D:6)
  Menkaure (D:4)
  A water moccasin (D:8)
  3 orc warriors
  2 black bears
  2 ice beasts
  A phantom (D:4)
  2 slaves (D:5)
  A sky beast (D:8)
  3 eyes of draining
  6 ogres
  3 centaurs
  4 bullfrogs
  A scorpion (D:5)
  A water moccasin skeleton (D:6)
  6 wights
  2 howler monkeys
  2 crimson imps
  A centaur zombie (D:7)
  2 bullfrog zombies
  3 hounds
  8 orc priests
  5 jellies
  Crazy Yiuf (D:5)
  A gnoll shaman (D:6)
  A bullfrog skeleton (D:4)
  2 iguanas
  A centaur skeleton (D:8)
  A worker ant (D:7)
  14 orc wizards
  2 hound skeletons (D:6)
  A howler monkey skeleton (D:4)
  15 adders
  6 gnolls
  3 river rats
  2 shadow imps
  2 oozes
  An adder zombie (D:5)
  2 worms
  3 dart slugs
  3 leopard geckos
  20 orcs
  6 giant cockroaches
  5 hobgoblins
  8 jackals
  5 quokkas
  2 ball pythons
  5 bats
  10 frilled lizards
  3 goblins
  8 kobolds
  A quokka skeleton (D:4)
  5 rats
204 creatures vanquished.

Vanquished Creatures (others)
  An orc wizard (D:4)
  A quokka (D:7)
2 creatures vanquished.

Grand Total: 206 creatures vanquished

Notes
Turn   | Place    | Note
-------+----------+-------------------------------------------
     0 | D:1      | mopl the Troll Arcane Marksman began the quest for the Orb.
     0 | D:1      | Reached XP level 1. HP: 18/18 MP: 1/1
   133 | D:1      | Reached skill level 1 in Unarmed Combat
   175 | D:1      | Reached XP level 2. HP: 26/26 MP: 2/2
  1009 | D:2      | Reached skill level 2 in Unarmed Combat
  1100 | D:2      | Reached XP level 3. HP: 32/32 MP: 3/3
  1139 | D:2      | Found a shimmering blue altar of Sif Muna.
  1214 | D:2      | Found a radiant altar of Vehumet.
  1461 | D:2      | Found an iron altar of Okawaru.
  1462 | D:2      | Found an opulent altar of Gozag.
  1462 | D:2      | Found a burning altar of Makhleb.
  1772 | D:3      | Found a faded altar of an unknown god.
  1781 | D:3      | Became a worshipper of Kikubaaqudgha
  1781 | D:3      | Reached * piety under Kikubaaqudgha
  1781 | D:3      | Identified Kikubaaqudgha's Reference Book on Darkness
                  | (Kikubaaqudgha gifted it to you on level 3 of the Dungeon)
  1781 | D:3      | Received a gift from Kikubaaqudgha
  1988 | D:3      | Reached skill level 3 in Unarmed Combat
  1988 | D:3      | Reached XP level 4. HP: 40/40 MP: 4/4
  2031 | D:3      | Found a sacrificial altar of Ru.
  2062 | D:3      | Reached XP level 5. HP: 28/46 MP: 5/5
  2213 | D:4      | Noticed a phantom
  2220 | D:4      | Reached skill level 4 in Unarmed Combat
  2250 | D:4      | HP: 1/46 [phantom (6)]
  2420 | D:4      | Killed a phantom
  2420 | D:4      | Reached XP level 6. HP: 54/54 MP: 6/6
  2495 | D:4      | Reached skill level 5 in Unarmed Combat
  2758 | D:4      | Reached XP level 7. HP: 50/61 MP: 7/7
  2906 | D:4      | Reached skill level 6 in Unarmed Combat
  2935 | D:4      | Reached ** piety under Kikubaaqudgha
  2986 | D:4      | Found an ancient bone altar of Kikubaaqudgha.
  3294 | D:4      | Noticed Menkaure
  3305 | D:4      | HP: 1/61 [Menkaure (25)]
  3306 | D:4      | Killed Menkaure
  3306 | D:4      | Reached skill level 7 in Unarmed Combat
  3415 | D:5      | Entered Level 5 of the Dungeon
  3433 | D:5      | Reached skill level 5 in Throwing
  3438 | D:5      | Reached XP level 8. HP: 40/68 MP: 8/8
  3588 | D:5      | Found a bloodstained altar of Trog.
  3600 | D:5      | Reached skill level 8 in Unarmed Combat
  3879 | D:5      | Reached skill level 9 in Unarmed Combat
  4014 | D:5      | Found a staircase to the Ecumenical Temple.
  4061 | D:5      | Noticed Pikel
  4136 | D:5      | Killed Pikel
  4136 | D:5      | Reached XP level 9. HP: 37/75 MP: 9/9
  4322 | D:5      | Found a runed translucent door.
  4323 | D:5      | Noticed Crazy Yiuf
  4518 | D:5      | Killed Crazy Yiuf
  4663 | D:6      | Reached skill level 10 in Unarmed Combat
  4669 | D:6      | Noticed Edmund
  4681 | D:6      | Killed Edmund
  4727 | D:6      | Found Cus Wueg's Book Shop.
  4792 | D:6      | Noticed Sigmund
  4819 | D:6      | Killed Sigmund
  4966 | D:6      | Found a glowing drain.
  4988 | D:6      | Found a stormy altar of Qazlal.
  5002 | Sewer    | Entered a sewer
  5027 | Sewer    | Reached *** piety under Kikubaaqudgha
  5027 | Sewer    | Identified Kikubaaqudgha's Catalogue of Stolen Souls
                  | (Kikubaaqudgha gifted it to you in a sewer)
  5027 | Sewer    | Received a gift from Kikubaaqudgha
  5266 | Sewer    | Identified the Reference Book on Poisonous Attacks
  5489 | D:6      | Reached skill level 11 in Unarmed Combat
  6493 | D:7      | Learned a level 1 spell: Animate Skeleton
  6500 | D:7      | Learned a level 5 spell: Borgnjor's Vile Clutch
  6504 | D:7      | Found a blossoming altar of Fedhas.
  6529 | D:7      | Found a shattered altar of Ashenzari.
  6565 | D:7      | Found a white marble altar of Elyvilon.
  6607 | D:7      | Reached XP level 10. HP: 56/83 MP: 10/10
  6857 | D:7      | Reached **** piety under Kikubaaqudgha
  7192 | D:8      | Found a glowing golden altar of the Shining One.
  7250 | D:8      | Noticed Harold
  7263 | D:8      | Killed Harold
  7263 | D:8      | Reached skill level 12 in Unarmed Combat
  7525 | D:8      | Slain by an orc warrior

Levels and vault maps discovered:
D:1:      onia_arrival_mini_spirals, layout_basic, lemuel_flame_loot_1
D:2:      layout_basic, marbit_many_paths, old_standard_altar,
          chequers_temple_overflow_statue_of_worship
D:3:      layout_rooms, nicolae_ru_great_annihilating_truth,
          chequers_ecumenical_altar_simple
D:4:      layout_basic, nicolae_overflow_crystal_walls, first_ration,
          minmay_joined_circles, uniq_menkaure
D:5:      layout_loops_ring, minmay_temple_entry_waves, wad_floor_pattern_2,
          trog_eyes_of_draining, uniq_crazy_yiuf_cottage, uniq_pikel
D:6:      kennysheep_spiral_hall, layout_layer_cave,
          nicolae_qazlal_style_of_elements, portal_sewer_entry_c, serial_shops,
          shop, minmay_stone_trees_medium, uniq_edmund, uniq_sigmund
D:7:      layout_basic, fedhas_altar_3, kennysheep_mini, elyvilon_altar_4
D:8:      layout_gridville, tso_metal_star, uniq_harold

Skill      XL: |  1  2  3  4  5  6  7  8  9 10 |
---------------+-------------------------------+-----
Throwing       | 2 3 4 5 6 7 8 |  8.7
Unarmed Combat | 1 2 3 4 5 7 9 11 12 | 12.6
Fighting       | |  0.7
Dodging        | |  1.5
Spellcasting   | |  1.0
Hexes          | |  2.0

Action                   |  1- 3 |  4- 6 |  7- 9 | 10-12 || total
-------------------------+-------+-------+-------+-------++-------
Melee: Unarmed           |   133 |    92 |   365 |   117 ||   707
       Punch             |     2 |     2 |    16 |     5 ||    25
Throw: Stone             |       |     1 |     7 |       ||     8
 Cast: Animate Skeleton  |       |       |     1 |     1 ||     2
 Abil: Evoke Flight      |       |       |     1 |       ||     1
  Use: Scroll            |       |       |     1 |     5 ||     6
       Potion            |       |       |     1 |     2 ||     3
 Stab: Sleeping          |     3 |       |     2 |       ||     5
  Eat: Chunk             |    24 |     6 |    37 |    17 ||    84
Armor: Robe              |    55 |    22 |    89 |    53 ||   219
Dodge: Dodged            |    84 |    55 |   130 |    52 ||   321
